[Event "Romanian Championship Open 2025"]
[Site "Craiova"]
[Date "2025.02.20"]
[Round "6.2"]
[White "Sachilaru, Alexandru"]
[Black "Lupulescu, Constantin"]
[Result "1/2-1/2"]
[Annotator "TA"]
[ECO "B12"]
[WhiteElo "2305"]
[BlackElo "2603"]
[PlyCount "98"]
[EventDate "2025.02.12"]
[EventType "swiss"]
[EventCountry "ROU"]
[SourceTitle "playchess.com"]
[Source "ChessBase"]
[SourceQuality "1"]
[TimeControl "40/5400+30:900+30"]

1. e4 c6 2. d4 d5 3. e5 Bf5 4. Nf3 e6 5. Be2 Ne7 6. O-O h6 7. Nbd2 {[%emt 0:00:26] B12: Caro-Kann: Advance Variation.} Nd7 8. Nb3 Bh7 9. a4 $1 {[%emt 0:02:20][%mdl 4] White is slightly better. is currently scoring better than 9.Bd2.} Ng6 10. Be3 Be7 11. Ne1 c5 12. c3 O-O $146 (12... c4 13. Nd2 Nh4 14. b3 cxb3 15. Qxb3 Rb8 16. f4 O-O 17. Bf2 Qa5 18. g3 Ng6 {½-½ Nanjo,R (2344)-Juarez Flores,C (2425) Olympiad-41 Tromsoe 2014 (5.1)}) 13. f4 Rc8 14. g4 Nh4 15. dxc5 Nxc5 (15... Be4 {is more complex.} 16. Nf3 Bxf3 17. Bxf3 g5) 16. Nxc5 Bxc5 17. Bxc5 Rxc5 18. Qd4 Qb6 19. Nf3 Nxf3+ 20. Bxf3 Bc2 21. Be2 Rfc8 22. Bb5 Bb3 23. Ra3 Bc4 24. Bxc4 (24. b4 $15 R5c7 25. Qxb6 axb6 26. Rf3) 24... dxc4 $17 25. Qf2 Rd8 26. Raa1 Qc6 27. Rad1 Rd3 28. Rxd3 cxd3 {[%emt 0:00:07][%mdl 4096] Endgame KQR-KQR} 29. Rd1 (29. g5 $142) 29... Qxa4 30. Rxd3 Rc4 31. Rf3 g5 $1 32. Qd2 Kg7 (32... gxf4 $6 33. Qd8+ Kh7 34. g5 $11) 33. fxg5 Rxg4+ 34. Rg3 hxg5 35. b4 {[%emt 0:00:25] [#]} Rxg3+ (35... Qa1+ $6 36. Kg2 Rxg3+ 37. hxg3 $11) 36. hxg3 {[%emt 0:00:04] [#] KQ-KQ. Black is a pawn up.} f6 ({Black should try} 36... Kh6 $1 $17 {Strongly threatening ...Qb5.} 37. Kh2 Qb5) 37. Qd8 $11 {[%emt 0:01:29] The position is equal.} Qa1+ (37... fxe5 38. Qxg5+ Kf7 39. Qxe5) 38. Kg2 Qb2+ (38... Qxc3 39. Qxf6+ Kh7 40. Qf7+ (40. Qxg5 Qc2+ 41. Kh3 Qf5+ 42. Qxf5+ exf5 $11) 40... Kh6 41. Qxe6+ (41. Qxb7 Qc2+ 42. Kf1 Qc4+ 43. Kf2 Qd4+ 44. Kg2 Kg6 $15) 41... Kg7 42. Qf6+ Kh7 43. Qf5+ (43. Qxg5 Qxb4 44. Qf5+ Kg8 $14) 43... Kh6 44. Qf8+ Kg6 45. Qf6+ Kh7 46. Kh3 $16) 39. Kh3 {[%emt 0:00:15] and Qe7+ should not be overlooked} g4+ (39... Qxc3 $2 {perishes.} 40. Qxf6+ Kh7 41. Qf7+ (41. Qxe6 Qf3 $11) (41. Qxg5 Qxb4 42. Qf6 Qc4 $11) 41... Kh8 42. Qh5+ (42. Qxe6 Qxb4 43. Qf7 Qd4 $14) (42. Qxb7 Qxe5 43. Qa8+ Kg7 $11) 42... Kg7 43. Qxg5+ Kh7 44. Qe7+ Kh8 45. Qxb7 $18 (45. Qxe6 Qxb4 46. Qf6+ Kg8 $16)) 40. Kxg4 Qe2+ ({Weaker is} 40... Qxc3 41. Qe7+ (41. Qxf6+ Kh7 $18) 41... Kh6 42. Qxf6+ (42. Qxe6 Qd4+ 43. Kf3 Qc3+ 44. Ke4 Qe1+ 45. Kf3 Qh1+ 46. Kf2 Qh2+ 47. Kf3 Qh1+ 48. Kf2 Qh2+ 49. Kf3 Qh1+ $11) 42... Kh7 43. Qf7+ (43. Qxe6 Qxb4+ 44. Kh5 Qf8 $18) 43... Kh8 44. Qxe6 $16 (44. Qxb7 Qxe5 45. Qf7 Qd6 $11)) 41. Kh3 Qh5+ 42. Kg2 Qe2+ (42... fxe5 43. Qe7+ Qf7 44. Qg5+ Kh7 45. Qxe5 $16) 43. Kh3 Qh5+ 44. Kg2 Qxe5 (44... fxe5 45. Qe7+ Qf7 46. Qg5+ Qg6 47. Qxe5+ Kf7 48. Qc7+ Kf6 49. Qd8+ (49. Qxb7 Qc2+ 50. Kh3 Qxc3 $11) 49... Kf7 50. Kf3 $14) 45. Qe7+ Kg6 46. Qe8+ Kg7 47. Qe7+ Kg6 48. Qe8+ Kg7 49. Qe7+ Kg6 {[%emt 0:00:02] Black had all chances to win.   Weighted Error Value: White=0.08 (flawless) /Black=0.05 (flawless)   Mistake:       	White=2     	Black=1      Inaccurate:     	White=4     	---        OK:         	White=18    	Black=15     Best:        	White=4     	Black=2      Strong:       	---       	Black=1} 1/2-1/2

[Event "Romanian Championship Open 2025"]
[Site "Craiova"]
[Date "2025.02.20"]
[Round "6.3"]
[White "Filip, Lucian-Ioan"]
[Black "Sava, Robert-Gabriel"]
[Result "1/2-1/2"]
[Annotator "RC"]
[ECO "E04"]
[WhiteElo "2328"]
[BlackElo "2183"]
[PlyCount "23"]
[EventDate "2025.02.12"]
[EventType "swiss"]
[EventCountry "ROU"]
[SourceTitle "playchess.com"]
[Source "ChessBase"]
[SourceQuality "1"]
[TimeControl "40/5400+30:900+30"]

1. d4 Nf6 2. c4 e6 3. Nf3 d5 4. g3 dxc4 5. Bg2 Nc6 6. Qa4 Bb4+ 7. Bd2 Nd5 8. Qb5 Bxd2+ 9. Nbxd2 c3 10. bxc3 Nxc3 11. Qd3 Nd5 12. O-O 1/2-1/2

[Event "Romanian Championship Open 2025"]
[Site "Craiova"]
[Date "2025.02.20"]
[Round "6.4"]
[White "Serban, Cristian-Stefan"]
[Black "Ilinca, Felix-Antonio"]
[Result "1/2-1/2"]
[Annotator "RC"]
[ECO "E11"]
[WhiteElo "2295"]
[BlackElo "2412"]
[PlyCount "50"]
[EventDate "2025.02.12"]
[EventType "swiss"]
[EventCountry "ROU"]
[SourceTitle "playchess.com"]
[Source "ChessBase"]
[SourceQuality "1"]
[TimeControl "40/5400+30:900+30"]

1. d4 d5 2. c4 e6 3. Nf3 Nf6 4. g3 Bb4+ 5. Bd2 a5 6. Bg2 O-O 7. Qc2 c5 8. cxd5 cxd4 9. Nxd4 Qb6 10. e3 exd5 11. O-O Nc6 12. Nxc6 bxc6 13. Rc1 Rb8 14. Nc3 h5 15. Na4 Qd8 16. Bxb4 Rxb4 17. a3 Rc4 18. Qb3 Rxc1+ 19. Rxc1 h4 20. Nc5 Re8 21. Qa4 Qb6 22. b4 axb4 23. Qxb4 Qxb4 24. axb4 hxg3 25. hxg3 Bf5 1/2-1/2

[Event "Romanian Championship Open 2025"]
[Site "Craiova"]
[Date "2025.02.20"]
[Round "6.5"]
[White "Jianu, Vlad-Cristian"]
[Black "Nastase, Robert-Paul"]
[Result "1/2-1/2"]
[Annotator "TA"]
[ECO "A84"]
[WhiteElo "2467"]
[BlackElo "2259"]
[PlyCount "48"]
[EventDate "2025.02.12"]
[EventType "swiss"]
[EventCountry "ROU"]
[SourceTitle "playchess.com"]
[Source "ChessBase"]
[SourceQuality "1"]
[TimeControl "40/5400+30:900+30"]

1. d4 d5 2. Nf3 e6 3. c4 c6 4. e3 f5 5. Bd3 Nf6 6. O-O Bd6 7. b3 Qe7 8. Bb2 {[%emt 0:00:10] 8.Bb2 has become a bit dusty these days.} O-O 9. Nc3 {[%emt 0:00:34] A84: Dutch Defence: 2 c4 Miscellaneous.} Ne4 10. Ne2 Bd7 11. Ne5 {[%emt 0:04:39] White is slightly better.} (11. c5 $5 Bc7 $8 12. b4 $14) 11... Be8 12. Rc1 Nd7 13. f3 Ng5 (13... Qg5 $5) 14. Rc2 $146 ({Predecessor:} 14. Nf4 Nf7 15. cxd5 exd5 16. Bxf5 Nfxe5 17. dxe5 Bxe5 18. Bxe5 Qxe5 19. Be6+ Kh8 20. Bxd7 Qxe3+ {0-1 Lisjak,Z (2209)-Korneev,S (2187) Titled Tuesday intern op 28th Jan Early blitz 2025 (1)}) 14... Nf7 15. Qa1 Nfxe5 16. dxe5 Bc5 17. Bd4 dxc4 18. Bxc4 Bf7 19. Rd1 Rad8 20. Rcd2 Bb4 {[%emt 0:06:31] The position is equal.} 21. Bc3 {[%emt 0:00:37] [#]} Bc5 22. Bd4 Bb4 23. Bc3 {[%emt 0:01:01] Bxb4 is the strong threat.} Bc5 24. Bd4 Bb4 {[%emt 0:00:03] Weighted Error Value: White=0.09 (flawless) /Black=0.07 (flawless)   Inaccurate:     	White=2     	Black=3      OK:         	White=6     	Black=12     Best:        	White=1     	---} 1/2-1/2

[Event "Romanian Championship Open 2025"]
[Site "Craiova"]
[Date "2025.02.20"]
[Round "6.6"]
[White "Coicev, Matei-Andrei"]
[Black "Secheres, Adrian-Simion"]
[Result "*"]
[Annotator "RC"]
[ECO "C47"]
[WhiteElo "2286"]
[BlackElo "2350"]
[PlyCount "44"]
[EventDate "2025.02.12"]
[EventType "swiss"]
[EventCountry "ROU"]
[SourceTitle "playchess.com"]
[Source "ChessBase"]
[SourceQuality "1"]
[TimeControl "40/5400+30:900+30"]

1. e4 e5 2. Nf3 Nc6 3. Nc3 Nf6 4. d4 exd4 5. Nxd4 Bb4 6. Nxc6 bxc6 7. Bd3 d5 8. Bd2 Rb8 9. O-O O-O 10. Re1 Bg4 11. Qc1 Re8 12. exd5 cxd5 13. Rxe8+ Qxe8 14. Bg5 Bxc3 15. bxc3 Qe5 16. Bxf6 Qxf6 17. Qe3 Qb6 18. Qe7 Be6 19. Re1 Qc6 20. Qa3 Qb6 21. Qe7 Qc6 22. Qa3 Qb6 *

[Event "Romanian Championship Open 2025"]
[Site "Craiova"]
[Date "2025.02.20"]
[Round "6.7"]
[White "David, Alexandru-Vasile"]
[Black "Craciun, Sasha-Matei"]
[Result "1/2-1/2"]
[Annotator "RC"]
[ECO "D35"]
[WhiteElo "2331"]
[BlackElo "2257"]
[PlyCount "41"]
[EventDate "2025.02.12"]
[EventType "swiss"]
[EventCountry "ROU"]
[SourceTitle "playchess.com"]
[Source "ChessBase"]
[SourceQuality "1"]
[TimeControl "40/5400+30:900+30"]

1. d4 d5 2. c4 e6 3. Nc3 Be7 4. Nf3 Nf6 5. cxd5 exd5 6. Bf4 c6 7. e3 Bf5 8. Nh4 Bg4 9. Qc2 O-O 10. h3 Be6 11. Nf3 Re8 12. Bd3 Nbd7 13. O-O Nf8 14. Bh2 a6 15. Rad1 Rc8 16. a3 b5 17. Qb1 Qb6 18. Ne2 N6d7 19. Nf4 g6 20. Kh1 a5 21. Rc1 1/2-1/2

[Event "Romanian Championship Open 2025"]
[Site "Craiova"]
[Date "2025.02.20"]
[Round "6.8"]
[White "Filip, Andrei"]
[Black "Nastore, Pavel-Alexandru"]
[Result "0-1"]
[Annotator "ChessBase"]
[ECO "B92"]
[WhiteElo "2320"]
[BlackElo "2250"]
[PlyCount "82"]
[EventDate "2025.02.12"]
[EventType "swiss"]
[EventCountry "ROU"]
[SourceTitle "playchess.com"]
[Source "ChessBase"]
[SourceQuality "1"]
[TimeControl "40/5400+30:900+30"]

1. e4 c5 2. Nf3 d6 3. d4 cxd4 4. Nxd4 Nf6 5. Nc3 a6 6. Be2 e5 7. Nb3 Be7 8. Be3 Be6 9. Nd5 Nbd7 10. Qd3 O-O 11. a4 Bxd5 12. exd5 Ne8 13. h4 b6 14. g4 Nc5 15. Nxc5 dxc5 16. g5 Nd6 17. c4 Re8 18. Bg4 b5 19. b3 bxc4 20. bxc4 Rb8 21. Kf1 e4 22. Qe2 f5 23. Bh3 Qb6 24. Kg2 g6 25. h5 Nf7 26. Bf4 Bd6 27. hxg6 hxg6 28. Bxd6 Nxd6 29. Qe3 Nxc4 30. Qc3 Qb4 31. Rac1 Qxc3 32. Rxc3 Ne5 33. Rxc5 Rb2 34. Bxf5 gxf5 35. Rc7 e3 36. Rhh7 Rxf2+ 37. Kh3 Rf3+ 38. Kh2 e2 39. Rhg7+ Kf8 40. Rh7 Ng4+ 41. Kg2 Rg3+ 0-1

[Event "Romanian Championship Open 2025"]
[Site "Craiova"]
[Date "2025.02.20"]
[Round "6.9"]
[White "Prisacaru, Stefan-Emilian"]
[Black "Cnejev, Vladimir-Alexandru"]
[Result "0-1"]
[Annotator "ChessBase"]
[ECO "E73"]
[WhiteElo "2212"]
[BlackElo "2300"]
[PlyCount "120"]
[EventDate "2025.02.12"]
[EventType "swiss"]
[EventCountry "ROU"]
[SourceTitle "playchess.com"]
[Source "ChessBase"]
[SourceQuality "1"]
[TimeControl "40/5400+30:900+30"]

1. d4 Nf6 2. c4 g6 3. Nc3 Bg7 4. e4 d6 5. Be2 O-O 6. h4 c5 7. d5 b5 8. cxb5 a6 9. a4 axb5 10. Bxb5 Ba6 11. Bd2 Nbd7 12. Bxa6 Rxa6 13. Qe2 Qa8 14. b3 Rb8 15. Rb1 Rb4 16. g4 c4 17. bxc4 Rxb1+ 18. Nxb1 Rxa4 19. Nh3 Ne5 20. O-O Rxc4 21. f3 Qa2 22. Nf4 Rc2 23. Nc3 Qc4 24. Nb1 Qd4+ 25. Be3 Qb2 26. Nd2 Qa2 27. Qd1 Nfd7 28. Rf2 Nc5 29. Nf1 Rxf2 30. Bxf2 Qc4 31. Ne3 Qc3 32. Kg2 Ncd3 33. Nxd3 Nxd3 34. Qc2 Ne1+ 35. Bxe1 Qxe1 36. Qc8+ Bf8 37. Nc4 Qe2+ 38. Kg3 Qf1 39. Qc6 Qg1+ 40. Kh3 Qf1+ 41. Kg3 Qg1+ 42. Kh3 Qf2 43. Nb6 Qxf3+ 44. Kh2 Qxe4 45. Kg3 Qe3+ 46. Kg2 Qf4 47. Nd7 Qxg4+ 48. Kf1 Qxh4 49. Qc8 Qh6 50. Kg2 Qg7 51. Kh2 h5 52. Kh1 g5 53. Kh2 g4 54. Kh1 g3 55. Kg2 h4 56. Qc2 Qg4 57. Nxf8 h3+ 58. Kg1 Qd4+ 59. Kf1 g2+ 60. Ke2 Qg4+ 0-1

[Event "Romanian Championship Open 2025"]
[Site "Craiova"]
[Date "2025.02.20"]
[Round "6.10"]
[White "Voiteanu, Gabriel"]
[Black "Ghimpu, Samuel-Timotei"]
[Result "0-1"]
[Annotator "RC"]
[ECO "B13"]
[WhiteElo "2159"]
[BlackElo "2456"]
[PlyCount "82"]
[EventDate "2025.02.12"]
[EventType "swiss"]
[EventCountry "ROU"]
[SourceTitle "playchess.com"]
[Source "ChessBase"]
[SourceQuality "1"]
[TimeControl "40/5400+30:900+30"]

1. d4 Nf6 2. Nf3 c5 3. e3 d5 4. c4 cxd4 5. exd4 Nc6 6. Nc3 a6 7. cxd5 Nxd5 8. Be2 g6 9. O-O Bg7 10. Nxd5 Qxd5 11. Be3 O-O 12. Qd2 Bf5 13. b3 Rfd8 14. Rfd1 Qd6 15. Rac1 Be4 16. Ng5 Bd5 17. Bf3 Qa3 18. Qe2 h6 19. Bxd5 Rxd5 20. Nf3 Rad8 21. h3 e6 22. Qd2 e5 23. Rc4 e4 24. Nh2 Nxd4 25. Bxd4 Bxd4 26. Re1 Bg7 27. Qe2 f5 28. Rc7 b5 29. Qc2 Rd2 30. Qc6 Qd6 31. Qb7 Be5 32. Rc6 Bxh2+ 33. Kh1 Qd7 34. Qxd7 R8xd7 35. Kxh2 Kf7 36. Rxa6 Rxf2 37. Rc1 e3 38. Rcc6 e2 39. Re6 f4 40. h4 f3 41. Kg3 Rf1 0-1

[Event "Romanian Championship Open 2025"]
[Site "Craiova"]
[Date "2025.02.20"]
[Round "6.11"]
[White "Ignat, Matei-Marius"]
[Black "Nisipeanu, Liviu-Dieter"]
[Result "1/2-1/2"]
[Annotator "TA"]
[ECO "B12"]
[WhiteElo "2137"]
[BlackElo "2596"]
[PlyCount "81"]
[EventDate "2025.02.12"]
[EventType "swiss"]
[EventCountry "ROU"]
[SourceTitle "playchess.com"]
[Source "ChessBase"]
[SourceQuality "1"]
[TimeControl "40/5400+30:900+30"]

1. e4 c6 2. d4 d5 3. e5 Bf5 4. h4 h5 5. c4 e6 6. Nc3 dxc4 7. Bxc4 Nd7 8. Nge2 Be7 {[%emt 0:00:11] B12: Caro-Kann: Advance Variation.} 9. Ng3 {[%emt 0:08:04] 9.g3 injects fresh life into this line.} Bg6 10. Nge2 Qb6 11. Nf4 Bf5 12. Nxh5 $146 (12. Be3 Qxb2 13. Rc1 O-O-O 14. Bd3 Nh6 15. O-O Kb8 16. Ne4 Nxe5 17. dxe5 Bxe4 18. Qa4 Bxd3 19. Qxa7+ Kc8 20. Rxc6+ bxc6 21. Bb6 Qxe5 22. Nxd3 Qb8 23. Qa6+ Qb7 {0-1 Schulze,L (2294)-Hommer,J (2171) Heusenstamm Sparkassen op-A 7th 2021 (6.6)}) 12... O-O-O {[%emt 0:00:10][%cal Od7e5] White must now prevent ...Nxe5!. Black sacrificed a pawn} 13. Nxg7 Nxe5 14. Nxf5 Nxc4 15. Qe2 exf5 16. Qxc4 Nf6 (16... Rxd4 $6 17. Qxf7 Rd7 18. Qxf5 $16) (16... Bxh4 17. Qxf7 Qxd4 (17... Bxf2+ 18. Kxf2 Rxh1 19. Qe6+ Rd7 20. Qxg8+ Qd8 21. Qxd8+ Rxd8 22. Ne2 $16) 18. Qxf5+ Rd7 19. g3 $16) 17. Bg5 Rxd4 (17... Qxd4 $14 18. Qxd4 Rxd4) 18. Qxf7 $16 Qxb2 (18... Qb4 $16) 19. O-O $1 $18 Qxc3 (19... Rd7 $142) 20. Qxe7 (20. Bxf6 $2 Bxf6 21. g3 Rd7 $19) 20... Nd7 21. Rac1 (21. Rad1 $18 {and White stays clearly on top.}) 21... Qb4 $16 22. Qxb4 Rxb4 23. Rc3 (23. Rfe1 $16) 23... Re4 (23... f4 $14) 24. Rf3 (24. g3 $16) 24... Rf8 25. Re3 Ra4 (25... Rxe3 $16 {was worth a try.} 26. Bxe3 f4) 26. a3 (26. Re7 $18) 26... Nf6 27. Rfe1 Ne4 28. f3 Nxg5 29. hxg5 {[%emt 0:00:03][%mdl 4096] Endgame KRR-KRR} Rd4 30. Re7 Rg8 31. Rf7 (31. Re8+ $16 Rd8 (31... Rxe8 32. Rxe8+ Rd8 33. Re7 $16) 32. Rxg8 Rxg8 33. f4) 31... f4 {[%emt 0:04:23] [#]} (31... Rxg5 $14 32. Re8+ Rd8 33. Rxd8+ Kxd8) 32. g6 {[%emt 0:01:05] White is more active.} Rxg6 $11 {[%emt 0:00:51] The position is equal.} 33. Re8+ Rd8 34. Rxd8+ Kxd8 35. Rxb7 {[%emt 0:00:02] KR-KR} c5 36. Rf7 Ra6 37. Rxf4 {[%emt 0:00:43] White wants to play a4.} Rxa3 38. Rc4 Ra5 39. g4 Ke7 40. g5 Ke6 41. g6 {[%emt 0:08:15] Black defended with fortune.   Weighted Error Value: White=0.23 (precise) /Black=0.29 (precise)   Missed win:     	White=1     	---        Mistake:       	White=5     	Black=6      Inaccurate:     	White=1     	Black=3      OK:         	White=13    	Black=13     Best:        	White=3     	Black=3      Strong:       	White=1     	---} 1/2-1/2

[Event "Romanian Championship Open 2025"]
[Site "Craiova"]
[Date "2025.02.20"]
[Round "6.12"]
[White "Botea, David-Alexandru"]
[Black "Nedelcu, Teodor-Cosmin"]
[Result "0-1"]
[Annotator "ChessBase"]
[ECO "B42"]
[WhiteElo "2127"]
[BlackElo "2320"]
[PlyCount "116"]
[EventDate "2025.02.12"]
[EventType "swiss"]
[EventCountry "ROU"]
[SourceTitle "playchess.com"]
[Source "ChessBase"]
[SourceQuality "1"]
[TimeControl "40/5400+30:900+30"]

1. e4 c5 2. Nf3 e6 3. d4 cxd4 4. Nxd4 a6 5. Bd3 Nf6 6. O-O Qc7 7. Qe2 d6 8. c4 Nbd7 9. Nc3 Be7 10. f4 b6 11. Bd2 Bb7 12. Rac1 g6 13. Nd5 exd5 14. cxd5 Qb8 15. Nc6 Bxc6 16. dxc6 Nc5 17. e5 Nh5 18. b4 dxe5 19. bxc5 Bxc5+ 20. Be3 Ng7 21. Bxc5 bxc5 22. Rxc5 O-O 23. Qxe5 Qa7 24. Qe3 Rac8 25. Qf2 Rfd8 26. Rc3 Qa8 27. Qb6 Ne6 28. Bxa6 Rc7 29. f5 gxf5 30. Re1 Rb8 31. Bb7 Qxa2 32. Rg3+ Kh8 33. Qb5 Qa7+ 34. Kh1 Qd4 35. Qxf5 Ng7 36. Qe5 Qxe5 37. Rxe5 Rbxb7 38. h4 Rxc6 39. Ra5 Rc8 40. Kh2 Ne6 41. Rf5 Rg8 42. Rxg8+ Kxg8 43. Ra5 Kg7 44. Kh3 Nf4+ 45. Kg3 Ng6 46. h5 Rb3+ 47. Kg4 Rb4+ 48. Kg3 Nf4 49. Rf5 Ne6 50. Kh3 h6 51. g4 Ng5+ 52. Kg3 Rb3+ 53. Kg2 Ne4 54. Rf4 Nf6 55. Kh2 Re3 56. Kg2 Re4 57. Kf3 Rxf4+ 58. Kxf4 Nxh5+ 0-1

[Event "Romanian Championship Open 2025"]
[Site "Craiova"]
[Date "2025.02.20"]
[Round "6.13"]
[White "Toma, Iustin"]
[Black "Dobre, Claudiu-Cristian"]
[Result "1-0"]
[Annotator "ChessBase"]
[ECO "B11"]
[WhiteElo "2118"]
[BlackElo "2279"]
[PlyCount "83"]
[EventDate "2025.02.12"]
[EventType "swiss"]
[EventCountry "ROU"]
[SourceTitle "playchess.com"]
[Source "ChessBase"]
[SourceQuality "1"]
[TimeControl "40/5400+30:900+30"]

1. e4 c6 2. Nc3 d5 3. Nf3 dxe4 4. Nxe4 Nf6 5. Qe2 Nxe4 6. Qxe4 Qa5 7. Bc4 Bf5 8. Qf4 e6 9. c3 Qd8 10. Qg3 Nd7 11. d4 Bg6 12. Ne5 Nxe5 13. dxe5 Qb6 14. O-O Be7 15. h4 O-O 16. Be2 h5 17. b3 Rad8 18. Bg5 Bxg5 19. Qxg5 Qa5 20. Rae1 Bd3 21. Bxd3 Rxd3 22. Qxh5 Qxc3 23. Rc1 Qd4 24. Rc4 Qd5 25. Rg4 f5 26. Rg6 Qxe5 27. Qg5 Rd7 28. h5 Kf7 29. f4 Qd4+ 30. Kh2 Rh8 31. Re1 Re7 32. Re5 Rh7 33. a4 Qd1 34. h6 Rxh6+ 35. Rxh6 gxh6 36. Qxh6 Qg4 37. Re3 Qg6 38. Qh4 Ke8 39. Qh8+ Kf7 40. Rg3 Qxg3+ 41. Kxg3 Rd7 42. Kh4 1-0

[Event "Romanian Championship Open 2025"]
[Site "Craiova"]
[Date "2025.02.20"]
[Round "6.14"]
[White "Negrean, Andrei"]
[Black "Corbu, George-Alexandru"]
[Result "1-0"]
[Annotator "ChessBase"]
[ECO "C54"]
[WhiteElo "2224"]
[BlackElo "2080"]
[PlyCount "85"]
[EventDate "2025.02.12"]
[EventType "swiss"]
[EventCountry "ROU"]
[SourceTitle "playchess.com"]
[Source "ChessBase"]
[SourceQuality "1"]
[TimeControl "40/5400+30:900+30"]

1. e4 e5 2. Nf3 Nc6 3. Bc4 Bc5 4. c3 Nf6 5. d4 exd4 6. e5 d5 7. Bb5 Ne4 8. cxd4 Bb6 9. Nc3 O-O 10. Be3 Bf5 11. O-O Bg6 12. Rc1 Ne7 13. Nh4 Nf5 14. Nxf5 Bxf5 15. Ne2 f6 16. f3 Ng5 17. Qd2 Nf7 18. f4 Bc8 19. Bd3 f5 20. b4 c6 21. a4 Bc7 22. Rc2 Be6 23. Nc1 a5 24. b5 cxb5 25. Bxb5 Qe7 26. Nb3 b6 27. Qd3 Nd8 28. Bc1 Bb8 29. Nd2 Rf7 30. Ba3 Qb7 31. Rfc1 Rc7 32. Nf1 Rxc2 33. Qxc2 Qf7 34. Bd3 Ba7 35. Bb5 Bb8 36. Qb1 Ra7 37. Bd3 Bc7 38. Ng3 g6 39. Ne2 Bd7 40. Nc3 Bc6 41. Nb5 Bxb5 42. Qxb5 Ra8 43. Rxc7 1-0

[Event "Romanian Championship Open 2025"]
[Site "Craiova"]
[Date "2025.02.20"]
[Round "6.15"]
[White "Tudoroiu, Razvan-Catalin"]
[Black "Daianu, Cristian-Clement"]
[Result "1/2-1/2"]
[Annotator "ChessBase"]
[ECO "A45"]
[WhiteElo "2085"]
[BlackElo "2214"]
[PlyCount "57"]
[EventDate "2025.02.12"]
[EventType "swiss"]
[EventCountry "ROU"]
[SourceTitle "playchess.com"]
[Source "ChessBase"]
[SourceQuality "1"]
[TimeControl "40/5400+30:900+30"]

1. d4 Nf6 2. Bf4 g6 3. Nc3 d5 4. Nb5 Na6 5. Nf3 Bg7 6. e3 O-O 7. h3 Ne4 8. Bd3 c6 9. Nc3 Qa5 10. O-O Bf5 11. Qe1 Nxc3 12. Bxf5 gxf5 13. bxc3 c5 14. Be5 f6 15. Bh2 Rac8 16. Rb1 b6 17. Qe2 Nc7 18. c4 Qxa2 19. Ra1 Qxc4 20. Qxc4 dxc4 21. Rxa7 Nd5 22. Nh4 cxd4 23. exd4 e6 24. Re1 Rf7 25. Ra2 Rc6 26. Ra8+ Rf8 27. Ra7 b5 28. Rd7 f4 29. Nf5 1/2-1/2

[Event "Romanian Championship Open 2025"]
[Site "Craiova"]
[Date "2025.02.20"]
[Round "6.17"]
[White "Dima, Ioan-Radu"]
[Black "Parligras, Mircea-Emilian"]
[Result "0-1"]
[Annotator "TA"]
[ECO "E60"]
[WhiteElo "2094"]
[BlackElo "2528"]
[PlyCount "66"]
[EventDate "2025.02.12"]
[EventType "swiss"]
[EventCountry "ROU"]
[SourceTitle "playchess.com"]
[Source "ChessBase"]
[SourceQuality "1"]
[TimeControl "40/5400+30:900+30"]

1. d4 d6 2. Nf3 Nf6 3. g3 g6 4. Bg2 Bg7 5. O-O O-O 6. c4 Bf5 7. Nc3 Ne4 8. Nh4 Nxc3 9. bxc3 Bc8 10. f4 {[%emt 0:00:31] E60: King's Indian: Unusual lines and Fianchetto Variation without Nc3.} Nd7 $146 ({Predecessor:} 10... c5 11. f5 Nc6 12. Be3 Bd7 13. Rb1 Na5 14. Qd3 cxd4 15. cxd4 e6 16. fxg6 hxg6 17. Bxb7 Nxb7 18. Rxb7 {½-½ Ragger,M (2601)-Shevchenko,K (2673) Olympiad-45 Budapest 2024 (9.2)}) 11. f5 e6 12. fxe6 {[%emt 0:08:42] White is slightly better.} fxe6 13. Rxf8+ Qxf8 14. Qd3 Qe7 15. Be3 Rb8 16. Rf1 Qe8 (16... b6 $5) 17. c5 dxc5 {[%emt 0:07:17][%csl Oe6] Black has weak pawns} 18. Bf4 e5 19. Bd5+ Kh8 20. Bg5 {[%emt 0:00:38] [#] Black must now prevent Bf7.} exd4 21. cxd4 (21. Bf7 $14 Ne5 (21... Qe5 $2 22. Nxg6+ hxg6 23. Qxg6 $18) 22. Nxg6+ (22. Bxe8 Nxd3 23. exd3 Bh3 $11) 22... hxg6 23. Qe4 (23. Bxe8 $2 Nxd3 24. exd3 Bf5 $19) 23... Nf3+ (23... Qxf7 $2 24. Rxf7 Nxf7 25. Qe8+ Kh7 26. Qxf7 $18) 24. Qxf3 (24. Rxf3 $2 Qxe4 25. Rf4 Qb1+ 26. Kg2 Be5 $19)) 21... Bxd4+ (21... cxd4 $2 22. Bf7 Ne5 (22... Qe5 23. Nxg6+ hxg6 24. Qxg6 $18) 23. Bxe8 $18) ({Black should play} 21... Nf8 $1 $15) 22. e3 $1 $14 Bg7 23. Bf7 $1 $36 {[%emt 0:03:19][%mdl 2048] Black is under pressure.} Ne5 $1 24. Nxg6+ $1 hxg6 25. Qe4 (25. Bxe8 $2 Nxd3 26. Bxg6 c4 27. Bxd3 cxd3 $19) 25... Nf3+ 26. Qxf3 {[%emt 0:00:06][%cal Of3f4] White wants to mate with Qf4!.} Qe5 27. Bf4 Qh5 28. Qxh5+ $16 gxh5 29. Bxc7 Ra8 30. Bxh5 (30. Rc1 $16) 30... Be6 $14 31. Rc1 (31. a4 $14) 31... c4 $11 32. Ba5 Rc8 {[%emt 0:00:28][%mdl 1024] And now ...Rc5 would win. Black has compensation.} 33. a3 $2 {[%emt 0:00:37][%mdl 8192] [#]} ({Better is} 33. Bd1 $15) 33... Rc5 $1 {[%emt 0:00:10][%csl LRa5,LRh5] Weighted Error Value: White=0.36/Black=0.15 (very precise)   Loses game:     	White=1     	---        Mistake:       	White=3     	Black=2      Inaccurate:     	White=1     	Black=1      OK:         	White=7     	Black=14     Best:        	White=4     	Black=1      Strong:       	White=3     	Black=2} 0-1